 Dungeon Crawl Stone Soup version 0.31-a0-516-gfcb59812bd (webtiles) character file.

Game seed: 4042437430583002019

97 Morbidden the Conjurer (level 4, -1/28 HPs)
             Began as an Octopode Conjurer on Aug 10, 2023.
             Slain by Natasha (7 damage)
             ... on level 2 of the Dungeon.
             The game lasted 00:01:15 (2061 turns).

Morbidden the Conjurer (Octopode Conjurer)          Turns: 2061, Time: 00:01:16

Health: -1/28      AC:  1    Str:  6    XL:     4   Next: 68%
Magic:  3/8        EV: 13    Int: 22    God:
Gold:   35         SH:  0    Dex: 10    Spells: 6/9 levels left

rFire   . . .        (no weapon)
rCold   . . .        (no shield)
rNeg    . . .        (helmet restricted)
rPois   .            (no amulet)
rElec   .            (no ring)
rCorr   .            (no ring)
SInv    .            (no ring)
Will    .....        (no ring)
Stlth   +++          (no ring)
HPRegen 0.24/turn    (no ring)
MPRegen 0.11/turn    (no ring)
                     (no ring)

%: no passive effects
@: slowed, very slow
A: almost no armour, amphibious, 8 rings, camouflage 1, gelatinous body 1,
(nimble swimmer 1), tentacles
a: no special abilities


You were on level 2 of the Dungeon.
You visited 1 branch of the dungeon, and saw 2 of its levels.

You collected 35 gold pieces.

Inventory:

Scrolls
 b - a scroll of enchant armour {unknown}
 c - a scroll of blinking {unknown}
 e - a scroll of teleportation {unknown}
Potions
 a - a potion of magic
 d - a potion of curing {unknown}


   Skills:
 * Level 1.0 Fighting
 * Level 2.2 Dodging
 + Level 2.8 Stealth
 * Level 3.0 Spellcasting
 * Level 5.0 Conjurations


You had 6 spell levels left.
You knew the following spells:

 Your Spells              Type           Power      Damage    Failure   Level
a - Magic Dart            Conj           100%       1d8       1%          1
b - Searing Ray           Conj           50%        2d6       2%          2

Your spell library contained the following spells:

 Spells                   Type           Power      Damage    Failure   Level
 Dazzling Flash           Conj/Hex       28%        N/A       13%         3
 Fulminant Prism          Conj/Hex       7%         3d7       41%         4
 Iskenderun's Mystic Bla  Conj/Tloc      14%        2d5       41%         4
 Olgreb's Toxic Radiance  Pois           3%         N/A       77%         4
 Discord                  Hex            1%         N/A       100%        8
 Ignition                 Fire           1%         3d3       100%        8


Dungeon Overview and Level Annotations

Branches:
Dungeon (2/15)

Altars:
Gozag

Shops:
D:1 [

Annotations:
D:2 1 runed translucent door, Crazy Yiuf, Natasha


Innate Abilities, Weirdness & Mutations

You cannot wear most types of armour.
You are amphibious.
You can wear up to eight rings at the same time.
Your skin changes colour to match your surroundings (Stealth+).
Your rubbery body absorbs attacks. (AC +1, EV +1)
((You are camouflaged when in or above water. (Stealth+)))
You have tentacles for arms and can constrict up to eight enemies at once.


Message History

Natasha is moderately wounded.
Natasha hisses angrily.
Natasha casts a spell at you.
You feel yourself slow down.
Natasha casts a spell.
Unknown command.
Casting: Magic Dart (safe; 1% risk of failure)
Confirm with . or Enter, or press ? or * to list all spells.
Aiming: Magic Dart (safe; 1% risk of failure)
Press: ? - help, Shift-Dir - straight line, f/p - Natasha
Aim: Natasha (moderately wounded, 100% to hit)
The magic dart hits Natasha but does no damage.
Natasha is moderately wounded.
Natasha stares at you and mumbles some strange words.
The magic dart hits you.
Unknown command.
Natasha casts a spell at you. The magic dart hits you.
Natasha casts a spell at you. The magic dart hits you!
* * * LOW HITPOINT WARNING * * *
Unknown command.
Unknown command.
Casting: Magic Dart (safe; 1% risk of failure)
Confirm with . or Enter, or press ? or * to list all spells.
Aiming: Searing Ray (safe; 2% risk of failure)
Press: ? - help, Shift-Dir - straight line, f/p - Natasha
Aim: Natasha (moderately wounded, 74% to hit)
The searing ray misses Natasha. (Press . to maintain the ray.) Unknown command.
Unknown command.
Unknown command.
The searing ray hits Natasha!
Natasha is severely wounded.
Natasha closely misses you.
The cerulean imp hits you from afar with a +0 spear.
* * * LOW HITPOINT WARNING * * *
Natasha claws you!
You die...

##.......## #..##..### ##.##..#
**##*** ##.##..# *..,,,*
#......####### ###.***,*
##.###.......# #..,,,*,* ##.#
#.#####.# #5#,,,,,******** #..#
#.#####.###h#,,,,,,,,,,,,* ####
#.##......@.#,,,,,,,*,*,,*
#.##.##.#####*****,,*,*,,*
#.##,*#.# *,,*,,,,*
*****#..,,,..# *,,**,,)*
**,,,,..#*,####*********,,**,,,*
,,*****,**,* *,,,,,,,,,*,,,,,,,*
,,<,,,,,,*,***,***,,,,,*****,***
,,,,,,,,,,,,,,,,,,,,,,,* *,**
,,,,,,,,,,****,,,*,,,,,* *,,*


You could see Natasha and a cerulean imp (summoned).

Vanquished Creatures
  Natasha (twice) (D:2)
  An adder (D:2)
  2 worms (D:2)
  A dart slug (D:1)
  2 ball pythons
  3 endoplasms
  3 giant cockroaches
  3 goblins
  5 hobgoblins
  4 kobolds
  2 bats (D:2)
  2 frilled lizards (D:2)
  2 rats (D:1)
32 creatures vanquished.

Notes
Turn   | Place    | Note
-------+----------+-------------------------------------------
     0 | D:1      | Morbidden the Octopode Conjurer began the quest for the
                  | Orb.
     0 | D:1      | Reached XP level 1. HP: 11/11 MP: 3/3
   248 | D:1      | Reached XP level 2. HP: 18/18 MP: 0/5
   685 | D:1      | Found Otirrips's Armour Boutique.
   984 | D:2      | Reached XP level 3. HP: 22/22 MP: 3/6
  1091 | D:2      | Learned a level 2 spell: Searing Ray
  1120 | D:2      | Found a runed translucent door.
  1121 | D:2      | Noticed Crazy Yiuf
  1305 | D:2      | Noticed Natasha
  1310 | D:2      | Killed Natasha
  1311 | D:2      | Reached skill level 1 in Fighting
  1311 | D:2      | Reached XP level 4. HP: 9/28 MP: 1/7
  1395 | D:2      | Noticed Natasha
  1401 | D:2      | Killed Natasha
  1566 | D:2      | Found an opulent altar of Gozag.
  1624 | D:2      | Reached skill level 5 in Conjurations
  1775 | D:2      | Found a faded altar of an unknown god.
  1885 | D:2      | Noticed Natasha
  2061 | D:2      | Slain by Natasha

Illustrated notes

Levels and vault maps discovered:
D:1:      wander_arrival_abandoned_jail, layout_basic, serial_shops,
          nicolae_square_shop
D:2:      layout_loops_cross, basic_altar, chequers_ecumenical_altar_simple,
          uniq_natasha, uniq_crazy_yiuf_cottage

Skill      XL: |  1  2  3  4 |
---------------+-------------+-----
Fighting       | 1 |  1.0
Conjurations   | 5 |  5.0
Spellcasting   | 3 |  3.0
Dodging        | |  2.2
Stealth        | |  2.8

Action                     |  1- 3 |  4- 6 || total
---------------------------+-------+-------++-------
  Melee: Unarmed           |     4 |     1 ||     5
         Tentacles         |     2 |     1 ||     3
         Constrict         |       |     1 ||     1
   Cast: Magic Dart        |    48 |    23 ||    71
         Searing Ray       |       |     2 ||     2
  Dodge: Dodged            |     3 |     2 ||     5

Table legend: (Time is in decaauts)
 A = Elapsed time spent in this place.
 B = Non-inter-level travel time spent in this place.
 C = Inter-level travel time spent in this place.
 D = Time resting spent in this place.
 E = Time spent auto-exploring this place.
 F = Levels seen in this place.
 G = Mean time per level.
                   A        B        C        D        E       F      G
               +--------+--------+--------+--------+--------+-----+--------+
         Total |   2062 |   2040 |     22 |      0 |   1884 |   2 | 1031.0 |
       Dungeon |   2062 |   2040 |     22 |      0 |   1884 |   2 | 1031.0 |
               +--------+--------+--------+--------+--------+-----+--------+

Top non-repeatable levels by time:
     D:2: 1141 daAuts
     D:1: 921 daAuts
